Condors vs Rampage
Created - May 5, 2021 at 19:01
Goals
|
| Condors |
1 |
1 |
0 |
2 |
| Rampage |
2 |
1 |
3 |
6 |
|
Shots
|
| Condors |
13 |
11 |
17 |
41 |
| Rampage |
8 |
12 |
15 |
35 |
|
1st period
1. Condors , Tyler Bozak 42 (Kasperi Kapanen 35, Zac Leslie 29) at 4:04
2. Rampage , Blake Pietila 32 (Alexandre Grenier 60, Jeffrey Foss 32) at 16:33
3. Rampage , Blake Pietila 33 (Martin Hanzal 67, Alexandre Grenier 61) at 16:41
Penalties :
Lawson Crouse (San) for Hooking (Minor) at 0:32, Carl Gunnarsson (Bak) for Cross-checking (Minor) at 5:05, Martin Hanzal (San) for Hooking (Minor) at 11:13
2nd period
4. Rampage , Thomas Spelling 19 (Kyle Rau 45) at 0:27
5. Condors , Kasperi Kapanen 23 (Frederik Gauthier 41) at 12:06
Penalties :
Alex Tuch (Bak) for Hooking (Minor) at 3:29
3rd period
6. Rampage , Martin Hanzal 34 (Alexandre Grenier 62, Blake Pietila 46) at 2:02
7. Rampage , Thomas Spelling 20 (Anton Karlsson 7) at 4:27
8. Rampage , Jeffrey Foss 4 (Thomas Spelling 13, Joe Morrow 37) at 12:44
Penalties :
Blake Pietila (San) for Hooking (Minor) at 16:25
Goalie Stats
Ilya Samsonov (Bak), 18 saves from 23 shots - (0.783), L, 18-17-3, 44:27 minutes
Mark Visentin (Bak), 11 saves from 12 shots - (0.917), 15:33 minutes
Ebbe Siönäs (San), 39 saves from 41 shots - (0.951), W, 14-10-2, 60:00 minutes
Players Stats for Condors
Player Name G A P +/- PIM S H SB GA TA FO MP PP MP PK MP
------------------------------------------------------------------------------------
Adam Erne 0 0 0 0 0 1 0 0 0 0 0/0 9:24 0:00 0:00
Alex Tuch 0 0 0 -3 2 1 2 0 0 0 1/2 20:55 3:30 0:00
Anton Slepyshev 0 0 0 0 0 0 2 1 1 1 0/1 15:37 2:27 0:00
Brett Lernout 0 0 0 0 0 1 0 1 0 0 0/0 12:33 0:00 2:22
C.J Suess 0 0 0 0 0 2 0 0 1 0 0/0 9:24 0:00 0:00
Caleb Jones 0 0 0 -1 0 0 0 1 0 0 0/0 5:16 0:00 0:00
Carl Gunnarsson 0 0 0 -2 2 3 2 1 2 0 0/0 25:12 3:57 0:37
Chris Bigras 0 0 0 -1 0 0 0 0 0 0 0/0 15:01 2:00 0:00
Christian Thomas 0 0 0 -1 0 1 2 1 0 0 0/0 11:12 0:00 1:07
Daniel Zaar 0 0 0 -1 0 1 0 0 0 0 0/0 10:47 0:00 0:58
Eric Gustafsson 0 0 0 -2 0 2 0 2 0 0 0/0 23:13 2:00 2:22
Erik Cernak 0 0 0 0 0 0 0 0 0 1 0/0 12:27 0:00 0:26
Frederik Gauthier 0 1 1 0 0 3 2 0 0 0 6/15 18:46 3:30 2:13
Gustav Olofsson 0 0 0 -1 0 0 0 0 0 0 0/0 6:53 0:00 0:54
Kasperi Kapanen 1 1 2 0 0 4 0 0 1 0 0/0 15:37 2:27 0:00
Louis Leblanc 0 0 0 0 0 3 0 0 0 0 3/5 11:01 0:00 1:01
Nail Yakupov 0 0 0 -3 0 6 0 2 0 0 0/1 22:13 3:30 1:53
Stephane Da Costa 0 0 0 -1 0 2 1 1 0 0 4/5 9:36 0:00 0:00
Tyler Bozak 1 0 1 -3 0 9 2 1 0 0 13/24 20:37 2:27 0:44
Zac Leslie 0 1 1 -1 0 2 0 0 0 0 0/0 20:16 3:57 1:15
Players Stats for Rampage
Player Name G A P +/- PIM S H SB GA TA FO MP PP MP PK MP
------------------------------------------------------------------------------------
Alexandre Grenier 0 3 3 2 0 2 4 0 1 1 2/2 19:42 2:07 1:12
Anton Karlsson 0 1 1 2 0 0 2 0 1 0 0/0 12:02 0:00 0:00
Anton Lindholm 0 0 0 1 0 1 1 1 0 0 0/0 14:06 0:00 0:00
Blake Pietila 2 1 3 2 2 7 1 0 0 0 3/5 20:42 2:10 2:12
Cameron Darcy 0 0 0 2 0 1 1 0 0 0 3/6 12:14 0:09 0:00
Damon Severson 0 0 0 2 0 1 0 4 0 0 0/0 27:41 2:01 3:45
Fredrik Olofsson 0 0 0 0 0 1 1 0 0 0 0/0 10:04 0:00 0:18
Jakub Zboril 0 0 0 1 0 1 0 2 0 0 0/0 13:16 0:00 0:00
Jeffrey Foss 1 1 2 1 0 3 0 1 0 0 0/0 18:37 1:57 2:12
Joe Morrow 0 1 1 1 0 2 3 0 0 1 0/0 18:37 1:57 2:12
Kyle Rau 0 1 1 0 0 1 3 0 0 0 4/7 15:05 1:45 1:29
Lawson Crouse 0 0 0 0 2 0 3 0 0 1 0/0 15:04 1:45 1:25
Martin Hanzal 1 1 2 2 2 2 0 1 0 0 13/28 21:00 2:07 2:15
Matthew Highmore 0 0 0 0 0 0 2 0 0 0 0/3 9:26 0:00 0:00
Max Friberg 0 0 0 0 0 1 0 0 0 1 0/0 15:13 1:45 1:12
Michael Stone 0 0 0 2 0 1 2 4 0 1 0/0 27:43 2:01 3:45
Thomas Spelling 2 1 3 2 0 5 1 0 0 0 0/0 12:11 0:06 0:00
Victor Olofsson 0 0 0 0 0 6 1 1 0 0 1/2 11:17 0:00 1:51
3 Stars
1 - Thomas Spelling (San)
2 - Blake Pietila (San)
3 - Alexandre Grenier (San)
Power Play
Condors - 0 on 3 Attempt(s) - 0.00%
Rampage - 0 on 2 Attempt(s) - 0.00%
Penalty Kill
Condors - 2 on 2 Attempt(s) - 100.00%
- Score 0 goal in Penalty Kill
Rampage - 3 on 3 Attempt(s) - 100.00%
- Score 0 goal in Penalty Kill
Team Stat
Condors - Hits : 13 - Faceoff Wins : 27 - Blocked Shots : 11 - Penalty Minutes : 4
Rampage - Hits : 25 - Faceoff Wins : 26 - Blocked Shots : 14 - Penalty Minutes : 6
Official
Referees : Unknown
Linesman : Unknown
Game Notes
Mark Visentin enters game at 4:27 of 3rd period
Jakub Zboril is injured at 16:22 of 3rd period (Bruised Left Foot)
Finance
Level 1 -- Attendance: 1330 (66.50%) -- Ticket Income $53,200
Level 2 -- Attendance: 740 (74.00%) -- Ticket Income $14,800
Total Attendance: 2070 (69.00%)
Total Ticket Income: $68,000
Other Income: $3,400
Total Income: $71,400
Condors
5 vs 5 Forward
Center Left Wing Right Wing Time % Phy DF OF
1 Tyler Bozak Alex Tuch Nail Yakupov 40 1 2 2
2 Frederik Gauthier Anton Slepyshev Kasperi Kapanen 30 1 2 2
3 Stephane Da Costa Christian Thomas Daniel Zaar 20 1 2 2
4 Louis Leblanc C.J Suess Adam Erne 10 1 2 2
5 vs 5 Defense
Defense Defense Time % Phy DF OF
1 Carl Gunnarsson Eric Gustafsson 40 1 2 2
2 Zac Leslie Chris Bigras 30 1 2 2
3 Brett Lernout Erik Cernak 20 1 2 2
4 Gustav Olofsson Caleb Jones 10 1 2 2
PowerPlay Forward
Center Left Wing Right Wing Time % Phy DF OF
1 Frederik Gauthier Alex Tuch Nail Yakupov 60 1 2 2
2 Tyler Bozak Anton Slepyshev Kasperi Kapanen 40 1 2 2
PowerPlay Defense
Defense Defense Time % Phy DF OF
1 Carl Gunnarsson Zac Leslie 60 1 2 2
2 Chris Bigras Eric Gustafsson 40 1 2 2
Penalty Kill 4 Players Forward
Center Wing Time % Phy DF OF
1 Frederik Gauthier Nail Yakupov 60 1 2 2
2 Louis Leblanc Daniel Zaar 40 1 2 2
Penalty Kill 4 Players Defense
Defense Defense Time % Phy DF OF
1 Brett Lernout Eric Gustafsson 60 1 2 2
2 Carl Gunnarsson Zac Leslie 40 1 2 2
Penalty Kill - 3 Players Forward
Forward Time % Phy DF OF
1 Tyler Bozak 60 1 2 2
2 Nail Yakupov 40 1 2 2
Penalty Kill - 3 Players Defense
Defense Defense Time % Phy DF OF
1 Carl Gunnarsson Eric Gustafsson 60 1 2 2
2 Zac Leslie Erik Cernak 40 1 2 2
4 vs 4 Forward
Center Wing Time % Phy DF OF
1 Tyler Bozak Nail Yakupov 60 1 2 2
2 Louis Leblanc Anton Slepyshev 40 1 2 2
4 vs 4 Defense
Defense Defense Time % Phy DF OF
1 Carl Gunnarsson Eric Gustafsson 60 1 2 2
2 Zac Leslie Brett Lernout 40 1 2 2
Last Minutes Offensive
Center Left Wing Right Wing Defense Defense
Tyler Bozak Anton Slepyshev Nail Yakupov Carl Gunnarsson Eric Gustafsson
Last Minutes Defensive
Center Left Wing Right Wing Defense Defense
Tyler Bozak Anton Slepyshev Nail Yakupov Carl Gunnarsson Eric Gustafsson
Goaltenders
Starting : Ilya Samsonov
Backup : Mark Visentin
Extra Forwards
Normal : Louis Leblanc, Alex Tuch, Tyler Bozak - PP : Louis Leblanc, Alex Tuch - PK : Tyler Bozak
Extra Defensemen
Normal : Erik Cernak, Brett Lernout, Gustav Olofsson - PP : Erik Cernak - PK : Brett Lernout, Gustav Olofsson
Penalty Shots
Daniel Zaar, Louis Leblanc, Tyler Bozak, Alex Tuch, Anton Slepyshev
Scratches
Mark Jankowski (Healthy), Emil Djuse (Healthy), Nick Merkley (Healthy), Cole Cassels (Healthy), Jordan Subban (Healthy)
Jeremy Gregoire (Healthy), Connor Hurley (Healthy), Remi Elie (Healthy), Brett Ritchie (Healthy), Anders Bjork (Healthy)
Hunter Smith (Healthy), Jack Campbell (Healthy)
Rampage
5 vs 5 Forward
Center Left Wing Right Wing Time % Phy DF OF
1 Martin Hanzal Blake Pietila Alexandre Grenier 40 1 2 2
2 Kyle Rau Lawson Crouse Max Friberg 30 1 2 2
3 Cameron Darcy Anton Karlsson Thomas Spelling 20 1 2 2
4 Matthew Highmore Fredrik Olofsson Victor Olofsson 10 1 2 2
5 vs 5 Defense
Defense Defense Time % Phy DF OF
1 Michael Stone Damon Severson 40 1 2 2
2 Jeffrey Foss Joe Morrow 30 1 2 2
3 Anton Lindholm Jakub Zboril 20 1 2 2
4 Michael Stone Damon Severson 10 1 2 2
PowerPlay Forward
Center Left Wing Right Wing Time % Phy DF OF
1 Martin Hanzal Blake Pietila Alexandre Grenier 60 1 2 2
2 Kyle Rau Lawson Crouse Max Friberg 40 1 2 2
PowerPlay Defense
Defense Defense Time % Phy DF OF
1 Michael Stone Damon Severson 60 1 2 2
2 Jeffrey Foss Joe Morrow 40 1 2 2
Penalty Kill 4 Players Forward
Center Wing Time % Phy DF OF
1 Martin Hanzal Blake Pietila 60 1 2 2
2 Alexandre Grenier Max Friberg 40 1 2 2
Penalty Kill 4 Players Defense
Defense Defense Time % Phy DF OF
1 Michael Stone Damon Severson 60 1 2 2
2 Jeffrey Foss Joe Morrow 40 1 2 2
Penalty Kill - 3 Players Forward
Forward Time % Phy DF OF
1 Martin Hanzal 60 1 2 2
2 Blake Pietila 40 1 2 2
Penalty Kill - 3 Players Defense
Defense Defense Time % Phy DF OF
1 Michael Stone Damon Severson 60 1 2 2
2 Jeffrey Foss Joe Morrow 40 1 2 2
4 vs 4 Forward
Center Wing Time % Phy DF OF
1 Martin Hanzal Blake Pietila 60 1 2 2
2 Alexandre Grenier Max Friberg 40 1 2 2
4 vs 4 Defense
Defense Defense Time % Phy DF OF
1 Michael Stone Damon Severson 60 1 2 2
2 Jeffrey Foss Joe Morrow 40 1 2 2
Last Minutes Offensive
Center Left Wing Right Wing Defense Defense
Martin Hanzal Blake Pietila Alexandre Grenier Michael Stone Damon Severson
Last Minutes Defensive
Center Left Wing Right Wing Defense Defense
Martin Hanzal Blake Pietila Alexandre Grenier Michael Stone Damon Severson
Goaltenders
Starting : Ebbe Siönäs
Backup : Laurent Brossoit
Extra Forwards
Normal : Cameron Darcy, Thomas Spelling, Victor Olofsson - PP : Cameron Darcy, Thomas Spelling - PK : Victor Olofsson
Extra Defensemen
Normal : Anton Lindholm, Jakub Zboril, Jeffrey Foss - PP : Anton Lindholm - PK : Jakub Zboril, Jeffrey Foss
Penalty Shots
Martin Hanzal, Blake Pietila, Alexandre Grenier, Max Friberg, Kyle Rau
Scratches
Eric Robinson (Healthy), Kevin Stenlund (Healthy), Zachary Senyshyn (Healthy), Austin Wuthrich (Healthy), Louis Belpedio (Healthy)
Nolan Vesey (Healthy), Vaclav Karabacek (Healthy), Kyle Pettit (Healthy), Dylan Sadowy (Healthy)
% Time on Ice - Condors
Lines # - Real PCT - Wanted PCT - Time Play
Normal Forward
1 - 35% - 40% - 17:42
2 - 27% - 30% - 13:35
3 - 19% - 20% - 9:24
4 - 19% - 10% - 9:24
Normal Defense
1 - 41% - 40% - 20:30
2 - 28% - 30% - 14:08
3 - 20% - 20% - 10:11
4 - 11% - 10% - 5:16
PP Forward
1 - 59% - 60% - 3:30
2 - 41% - 40% - 2:27
PP Defense
1 - 66% - 60% - 3:57
2 - 34% - 40% - 2:00
PK Forward
1 - 76% - 60% - 3:00
2 - 24% - 40% - 0:58
PK Defense
1 - 68% - 60% - 2:43
2 - 32% - 40% - 1:15
PK3 Forward
1 - 0% - 60%
2 - 0% - 40%
PK3 Defense
1 - 0% - 60%
2 - 0% - 40%
44 Forward
1 - 0% - 60%
2 - 0% - 40%
44 Defense
1 - 0% - 60%
2 - 0% - 40%
Last Minute Offensive - 0:00
Last Minute Defensive - 0:00
Total
Forward - 60:00
Defense - 60:00
|
% Time on Ice - Rampage
Lines # - Real PCT - Wanted PCT - Time Play
Normal Forward
1 - 33% - 40% - 16:21
2 - 24% - 30% - 12:16
3 - 24% - 20% - 12:02
4 - 19% - 10% - 9:26
Normal Defense
1 - 38% - 40% - 18:54
2 - 29% - 30% - 14:28
3 - 28% - 20% - 14:06
4 - 5% - 10% - 2:37
PP Forward
1 - 56% - 60% - 2:13
2 - 44% - 40% - 1:45
PP Defense
1 - 51% - 60% - 2:01
2 - 49% - 40% - 1:57
PK Forward
1 - 80% - 60% - 4:45
2 - 20% - 40% - 1:12
PK Defense
1 - 63% - 60% - 3:45
2 - 37% - 40% - 2:12
PK3 Forward
1 - 0% - 60%
2 - 0% - 40%
PK3 Defense
1 - 0% - 60%
2 - 0% - 40%
44 Forward
1 - 0% - 60%
2 - 0% - 40%
44 Defense
1 - 0% - 60%
2 - 0% - 40%
Last Minute Offensive - 0:00
Last Minute Defensive - 0:00
Total
Forward - 60:00
Defense - 60:00
|
Play-by-Play
1st period
0:01 of 1st period - Tyler Bozak wins face-off versus Martin Hanzal in neutral zone.
0:32 of 1st period - Minor Penalty to Lawson Crouse for Hooking.
0:33 of 1st period - Blake Pietila wins face-off versus Frederik Gauthier in Rampage zone.
0:41 of 1st period - Damon Severson is hit by Frederik Gauthier and loses puck.
1:08 of 1st period - Wrist shot by Anton Slepyshev.
1:08 of 1st period - Shot Misses the Net.
1:10 of 1st period - Slapshot by Zac Leslie.
1:10 of 1st period - Stopped by Ebbe Siönäs without a rebound.
1:11 of 1st period - Alexandre Grenier wins face-off versus Frederik Gauthier in Rampage zone.
2:32 of 1st period - Penalty to Lawson Crouse is over, Lawson Crouse is back on ice.
2:46 of 1st period - Anton Lindholm is hit by Carl Gunnarsson and loses puck.
3:01 of 1st period - Louis Leblanc is hit by Matthew Highmore and loses puck.
4:04 of 1st period - Wrist shot by Tyler Bozak.
4:04 of 1st period - Goal by Tyler Bozak - Condors : 1 - Rampage : 0.
4:05 of 1st period - Blake Pietila wins face-off versus Alex Tuch in neutral zone.
4:10 of 1st period - Wrist shot by Martin Hanzal.
4:10 of 1st period - Shot Misses the Net.
4:12 of 1st period - Wrist shot by Martin Hanzal.
4:12 of 1st period - Shot Misses the Net.
4:14 of 1st period - Slapshot by Jeffrey Foss.
4:14 of 1st period - Deflect By Blake Pietila.
4:14 of 1st period - Shot Blocked by Eric Gustafsson.
4:14 of 1st period - Puck is out of play.
4:15 of 1st period - Martin Hanzal wins face-off versus Tyler Bozak in Condors zone.
4:16 of 1st period - Snap shot by Blake Pietila.
4:16 of 1st period - Shot Misses the Net.
4:18 of 1st period - Slapshot by Jeffrey Foss.
4:18 of 1st period - Deflect By Martin Hanzal.
4:18 of 1st period - Shot Misses the Net.
4:18 of 1st period - Puck is out of play.
4:19 of 1st period - Tyler Bozak wins face-off versus Martin Hanzal in Condors zone.
5:05 of 1st period - Minor Penalty to Carl Gunnarsson for Cross-checking.
5:06 of 1st period - Frederik Gauthier wins face-off versus Martin Hanzal in Condors zone.
5:32 of 1st period - Eric Gustafsson is hit by Lawson Crouse and loses puck.
6:46 of 1st period - Wrist shot by Tyler Bozak.
6:46 of 1st period - Stopped by Ebbe Siönäs with a rebound.
7:05 of 1st period - Penalty to Carl Gunnarsson is over, Carl Gunnarsson is back on ice.
7:32 of 1st period - Carl Gunnarsson is hit by Anton Lindholm and loses puck.
7:37 of 1st period - Snap shot by Victor Olofsson.
7:37 of 1st period - Shot Misses the Net.
7:39 of 1st period - Wrist shot by Fredrik Olofsson.
7:39 of 1st period - Stopped by Ilya Samsonov with a rebound.
7:41 of 1st period - Snap shot by Matthew Highmore.
7:41 of 1st period - Shot Misses the Net.
7:51 of 1st period - Tyler Bozak is hit by Anton Karlsson and loses puck.
9:28 of 1st period - Brett Lernout is hit by Kyle Rau and loses puck.
9:49 of 1st period - Erik Cernak is hit by Anton Karlsson and loses puck.
11:13 of 1st period - Minor Penalty to Martin Hanzal for Hooking.
11:14 of 1st period - Victor Olofsson wins face-off versus Frederik Gauthier in Rampage zone.
11:25 of 1st period - Snap shot by Nail Yakupov.
11:25 of 1st period - Stopped by Ebbe Siönäs without a rebound.
11:26 of 1st period - Frederik Gauthier wins face-off versus Victor Olofsson in Rampage zone.
11:33 of 1st period - Wrist shot by Nail Yakupov.
11:33 of 1st period - Shot Blocked by Michael Stone.
11:35 of 1st period - Slapshot by Zac Leslie.
11:35 of 1st period - Shot Blocked by Damon Severson.
11:37 of 1st period - Slapshot by Nail Yakupov.
11:37 of 1st period - Shot Blocked by Damon Severson.
11:39 of 1st period - Slapshot by Frederik Gauthier.
11:39 of 1st period - Shot Misses the Net.
12:37 of 1st period - Max Friberg is hit by Tyler Bozak and loses puck.
13:13 of 1st period - Penalty to Martin Hanzal is over, Martin Hanzal is back on ice.
13:33 of 1st period - Wrist shot by Alexandre Grenier.
13:33 of 1st period - Stopped by Ilya Samsonov without a rebound.
13:34 of 1st period - Cameron Darcy wins face-off versus Louis Leblanc in Condors zone.
13:35 of 1st period - Wrist shot by Thomas Spelling.
13:35 of 1st period - Stopped by Ilya Samsonov without a rebound.
13:36 of 1st period - Louis Leblanc wins face-off versus Cameron Darcy in Condors zone.
14:00 of 1st period - Icing by Anton Lindholm.
14:01 of 1st period - Cameron Darcy wins face-off versus Tyler Bozak in Rampage zone.
14:08 of 1st period - Snap shot by Blake Pietila.
14:08 of 1st period - Stopped by Ilya Samsonov with a rebound.
14:10 of 1st period - Slapshot by Jakub Zboril.
14:10 of 1st period - Stopped by Ilya Samsonov with a rebound.
14:12 of 1st period - Snap shot by Anton Lindholm.
14:12 of 1st period - Shot Misses the Net.
14:14 of 1st period - Slapshot by Alexandre Grenier.
14:14 of 1st period - Shot Misses the Net.
14:16 of 1st period - Slapshot by Anton Lindholm.
14:16 of 1st period - Stopped by Ilya Samsonov with a rebound.
14:34 of 1st period - Snap shot by Tyler Bozak.
14:34 of 1st period - Stopped by Ebbe Siönäs with a rebound.
14:36 of 1st period - Slapshot by Carl Gunnarsson.
14:36 of 1st period - Shot Blocked by Michael Stone.
14:38 of 1st period - Snap shot by Tyler Bozak.
14:38 of 1st period - Stopped by Ebbe Siönäs with a rebound.
14:56 of 1st period - Wrist shot by Tyler Bozak.
14:56 of 1st period - Stopped by Ebbe Siönäs with a rebound.
14:58 of 1st period - Snap shot by Tyler Bozak.
14:58 of 1st period - Stopped by Ebbe Siönäs without a rebound.
14:59 of 1st period - Martin Hanzal wins face-off versus Frederik Gauthier in Rampage zone.
15:34 of 1st period - Wrist shot by C.J Suess.
15:34 of 1st period - Stopped by Ebbe Siönäs without a rebound.
15:35 of 1st period - Frederik Gauthier wins face-off versus Kyle Rau in Rampage zone.
15:52 of 1st period - Anton Slepyshev is hit by Lawson Crouse.
16:27 of 1st period - Slapshot by Blake Pietila.
16:27 of 1st period - Shot Misses the Net.
16:29 of 1st period - Slapshot by Jeffrey Foss.
16:29 of 1st period - Shot Misses the Net.
16:33 of 1st period - Slapshot by Blake Pietila.
16:33 of 1st period - Goal by Blake Pietila - Condors : 1 - Rampage : 1.
16:34 of 1st period - Tyler Bozak wins face-off versus Martin Hanzal in neutral zone.
16:41 of 1st period - Snap shot by Blake Pietila.
16:41 of 1st period - Goal by Blake Pietila - Condors : 1 - Rampage : 2.
16:42 of 1st period - Martin Hanzal wins face-off versus Tyler Bozak in neutral zone.
16:53 of 1st period - Tyler Bozak is hit by Blake Pietila and loses puck.
17:08 of 1st period - Damon Severson is hit by Anton Slepyshev and loses puck.
17:30 of 1st period - Off-side.
17:31 of 1st period - Stephane Da Costa wins face-off versus Cameron Darcy in neutral zone.
17:36 of 1st period - Wrist shot by Christian Thomas.
17:36 of 1st period - Shot Misses the Net.
17:38 of 1st period - Slapshot by Chris Bigras.
17:38 of 1st period - Shot Blocked by Damon Severson.
17:40 of 1st period - Slapshot by Zac Leslie.
17:40 of 1st period - Stopped by Ebbe Siönäs with a rebound.
17:46 of 1st period - Snap shot by Daniel Zaar.
17:46 of 1st period - Deflect By Christian Thomas.
17:46 of 1st period - Stopped by Ebbe Siönäs with a rebound.
17:56 of 1st period - Tyler Bozak is hit by Alexandre Grenier and loses puck.
18:46 of 1st period - Slapshot by Carl Gunnarsson.
18:46 of 1st period - Shot Blocked by Anton Lindholm.
18:48 of 1st period - Slapshot by Carl Gunnarsson.
18:48 of 1st period - Deflect By Victor Olofsson.
18:48 of 1st period - Stopped by Ebbe Siönäs with a rebound.
18:50 of 1st period - Wrist shot by Louis Leblanc.
18:50 of 1st period - Deflect By Adam Erne.
18:50 of 1st period - Stopped by Ebbe Siönäs with a rebound.
19:00 of 1st period - Daniel Zaar is hit by Thomas Spelling and loses puck.
19:47 of 1st period - Wrist shot by Kyle Rau.
19:47 of 1st period - Shot Misses the Net.
Goals for this period are 1 for Condors vs 2 for Rampage.
Shots for this period are 13 for Condors vs 8 for Rampage.
2nd period
0:01 of 2nd period - Martin Hanzal wins face-off versus Tyler Bozak in neutral zone.
0:27 of 2nd period - Snap shot by Thomas Spelling.
0:27 of 2nd period - Goal by Thomas Spelling - Condors : 1 - Rampage : 3.
0:28 of 2nd period - Martin Hanzal wins face-off versus Frederik Gauthier in neutral zone.
0:39 of 2nd period - Snap shot by Blake Pietila.
0:39 of 2nd period - Shot Blocked by Anton Slepyshev.
0:55 of 2nd period - Kyle Rau is hit by Alex Tuch and loses puck.
1:18 of 2nd period - Snap shot by Thomas Spelling.
1:18 of 2nd period - Shot Misses the Net.
1:32 of 2nd period - Thomas Spelling is hit by Frederik Gauthier and loses puck.
1:45 of 2nd period - Anton Slepyshev is hit by Cameron Darcy and loses puck.
2:11 of 2nd period - Slapshot by C.J Suess.
2:11 of 2nd period - Stopped by Ebbe Siönäs without a rebound.
2:12 of 2nd period - Blake Pietila wins face-off versus Tyler Bozak in Rampage zone.
3:24 of 2nd period - Wrist shot by Blake Pietila.
3:24 of 2nd period - Stopped by Ilya Samsonov without a rebound.
3:25 of 2nd period - Alexandre Grenier wins face-off versus Tyler Bozak in Condors zone.
3:29 of 2nd period - Minor Penalty to Alex Tuch for Hooking.
3:30 of 2nd period - Martin Hanzal wins face-off versus Frederik Gauthier in Condors zone.
3:36 of 2nd period - Snap shot by Martin Hanzal.
3:36 of 2nd period - Shot Misses the Net.
3:38 of 2nd period - Slapshot by Joe Morrow.
3:38 of 2nd period - Shot Blocked by Brett Lernout.
3:40 of 2nd period - Slapshot by Jeffrey Foss.
3:40 of 2nd period - Shot Misses the Net.
3:42 of 2nd period - Slapshot by Jeffrey Foss.
3:42 of 2nd period - Shot Blocked by Nail Yakupov.
5:29 of 2nd period - Penalty to Alex Tuch is over, Alex Tuch is back on ice.
5:34 of 2nd period - Wrist shot by Daniel Zaar.
5:34 of 2nd period - Shot Blocked by Damon Severson.
5:46 of 2nd period - Alex Tuch is hit by Fredrik Olofsson and loses puck.
6:58 of 2nd period - Snap shot by Victor Olofsson.
6:58 of 2nd period - Shot Blocked by Nail Yakupov.
7:29 of 2nd period - Snap shot by Adam Erne.
7:29 of 2nd period - Shot Blocked by Michael Stone.
8:20 of 2nd period - Slapshot by Victor Olofsson.
8:20 of 2nd period - Stopped by Ilya Samsonov without a rebound.
8:21 of 2nd period - Alex Tuch wins face-off versus Matthew Highmore in Condors zone.
9:47 of 2nd period - Slapshot by Martin Hanzal.
9:47 of 2nd period - Stopped by Ilya Samsonov with a rebound.
10:31 of 2nd period - Off-side.
10:32 of 2nd period - Cameron Darcy wins face-off versus Tyler Bozak in neutral zone.
11:32 of 2nd period - Wrist shot by Thomas Spelling.
11:32 of 2nd period - Stopped by Ilya Samsonov with a rebound.
12:04 of 2nd period - Slapshot by Tyler Bozak.
12:04 of 2nd period - Deflect By Alex Tuch.
12:04 of 2nd period - Shot Misses the Net.
12:04 of 2nd period - Puck is out of play.
12:05 of 2nd period - Frederik Gauthier wins face-off versus Blake Pietila in Rampage zone.
12:06 of 2nd period - Snap shot by Kasperi Kapanen.
12:06 of 2nd period - Goal by Kasperi Kapanen - Condors : 2 - Rampage : 3.
12:07 of 2nd period - Martin Hanzal wins face-off versus Frederik Gauthier in neutral zone.
12:21 of 2nd period - Wrist shot by Kasperi Kapanen.
12:21 of 2nd period - Shot Misses the Net.
12:23 of 2nd period - Wrist shot by Frederik Gauthier.
12:23 of 2nd period - Stopped by Ebbe Siönäs with a rebound.
12:59 of 2nd period - Wrist shot by Victor Olofsson.
12:59 of 2nd period - Shot Misses the Net.
13:34 of 2nd period - Icing by Alexandre Grenier.
13:35 of 2nd period - Kyle Rau wins face-off versus Stephane Da Costa in Rampage zone.
14:01 of 2nd period - Slapshot by Michael Stone.
14:01 of 2nd period - Shot Blocked by Tyler Bozak.
14:21 of 2nd period - Snap shot by Thomas Spelling.
14:21 of 2nd period - Deflect By Cameron Darcy.
14:21 of 2nd period - Stopped by Ilya Samsonov with a rebound.
14:43 of 2nd period - Snap shot by Damon Severson.
14:43 of 2nd period - Stopped by Ilya Samsonov without a rebound.
14:44 of 2nd period - Louis Leblanc wins face-off versus Matthew Highmore in Condors zone.
15:11 of 2nd period - Snap shot by Louis Leblanc.
15:11 of 2nd period - Stopped by Ebbe Siönäs without a rebound.
15:12 of 2nd period - Tyler Bozak wins face-off versus Martin Hanzal in Rampage zone.
15:19 of 2nd period - Wrist shot by Nail Yakupov.
15:19 of 2nd period - Shot Misses the Net.
15:43 of 2nd period - Snap shot by Kasperi Kapanen.
15:43 of 2nd period - Shot Misses the Net.
15:45 of 2nd period - Wrist shot by Frederik Gauthier.
15:45 of 2nd period - Shot Blocked by Jakub Zboril.
15:47 of 2nd period - Snap shot by Frederik Gauthier.
15:47 of 2nd period - Stopped by Ebbe Siönäs with a rebound.
16:05 of 2nd period - Slapshot by Thomas Spelling.
16:05 of 2nd period - Shot Blocked by Christian Thomas.
16:07 of 2nd period - Slapshot by Anton Lindholm.
16:07 of 2nd period - Shot Blocked by Carl Gunnarsson.
16:09 of 2nd period - Snap shot by Anton Karlsson.
16:09 of 2nd period - Shot Misses the Net.
16:11 of 2nd period - Backhand shot by Thomas Spelling.
16:11 of 2nd period - Shot Blocked by Stephane Da Costa.
16:13 of 2nd period - Wrist shot by Anton Karlsson.
16:13 of 2nd period - Shot Misses the Net.
16:42 of 2nd period - Icing by Alex Tuch.
16:43 of 2nd period - Tyler Bozak wins face-off versus Matthew Highmore in Condors zone.
16:48 of 2nd period - Slapshot by Joe Morrow.
16:48 of 2nd period - Stopped by Ilya Samsonov with a rebound.
16:50 of 2nd period - Wrist shot by Victor Olofsson.
16:50 of 2nd period - Shot Misses the Net.
16:52 of 2nd period - Slapshot by Victor Olofsson.
16:52 of 2nd period - Stopped by Ilya Samsonov with a rebound.
17:09 of 2nd period - Chris Bigras is hit by Matthew Highmore and loses puck.
17:14 of 2nd period - Slapshot by Joe Morrow.
17:14 of 2nd period - Stopped by Ilya Samsonov with a rebound.
17:24 of 2nd period - Tyler Bozak is hit by Joe Morrow and loses puck.
17:37 of 2nd period - Wrist shot by Tyler Bozak.
17:37 of 2nd period - Stopped by Ebbe Siönäs with a rebound.
17:39 of 2nd period - Slapshot by Brett Lernout.
17:39 of 2nd period - Stopped by Ebbe Siönäs with a rebound.
17:41 of 2nd period - Slapshot by Erik Cernak.
17:41 of 2nd period - Shot Blocked by Victor Olofsson.
17:43 of 2nd period - Slapshot by Erik Cernak.
17:43 of 2nd period - Shot Misses the Net.
17:45 of 2nd period - Snap shot by Tyler Bozak.
17:45 of 2nd period - Shot Misses the Net.
17:55 of 2nd period - Backhand shot by Nail Yakupov.
17:55 of 2nd period - Deflect By Tyler Bozak.
17:55 of 2nd period - Shot Misses the Net.
17:55 of 2nd period - Puck is out of play.
17:56 of 2nd period - Martin Hanzal wins face-off versus Anton Slepyshev in Rampage zone.
18:06 of 2nd period - Snap shot by Blake Pietila.
18:06 of 2nd period - Stopped by Ilya Samsonov with a rebound.
18:27 of 2nd period - Slapshot by Eric Gustafsson.
18:27 of 2nd period - Shot Misses the Net.
18:29 of 2nd period - Wrist shot by Kasperi Kapanen.
18:29 of 2nd period - Stopped by Ebbe Siönäs with a rebound.
18:31 of 2nd period - Snap shot by Kasperi Kapanen.
18:31 of 2nd period - Stopped by Ebbe Siönäs with a rebound.
18:33 of 2nd period - Snap shot by Kasperi Kapanen.
18:33 of 2nd period - Stopped by Ebbe Siönäs without a rebound.
18:34 of 2nd period - Stephane Da Costa wins face-off versus Martin Hanzal in Rampage zone.
18:37 of 2nd period - Snap shot by Stephane Da Costa.
18:37 of 2nd period - Stopped by Ebbe Siönäs without a rebound.
18:38 of 2nd period - Stephane Da Costa wins face-off versus Martin Hanzal in Rampage zone.
18:51 of 2nd period - Snap shot by Stephane Da Costa.
18:51 of 2nd period - Shot Misses the Net.
18:53 of 2nd period - Slapshot by Carl Gunnarsson.
18:53 of 2nd period - Shot Blocked by Jeffrey Foss.
19:03 of 2nd period - Anton Slepyshev is hit by Kyle Rau and loses puck.
19:10 of 2nd period - Wrist shot by Max Friberg.
19:10 of 2nd period - Stopped by Ilya Samsonov without a rebound.
19:11 of 2nd period - Kyle Rau wins face-off versus Tyler Bozak in Condors zone.
19:38 of 2nd period - Frederik Gauthier is hit by Alexandre Grenier.
Goals for this period are 1 for Condors vs 1 for Rampage.
Shots for this period are 11 for Condors vs 12 for Rampage.
3rd period
0:01 of 3rd period - Tyler Bozak wins face-off versus Martin Hanzal in neutral zone.
0:06 of 3rd period - Snap shot by Carl Gunnarsson.
0:06 of 3rd period - Shot Misses the Net.
0:08 of 3rd period - Slapshot by Eric Gustafsson.
0:08 of 3rd period - Shot Misses the Net.
0:10 of 3rd period - Snap shot by Carl Gunnarsson.
0:10 of 3rd period - Deflect By Blake Pietila.
0:10 of 3rd period - Stopped by Ebbe Siönäs with a rebound.
0:12 of 3rd period - Wrist shot by Tyler Bozak.
0:12 of 3rd period - Stopped by Ebbe Siönäs with a rebound.
0:26 of 3rd period - Michael Stone is hit by Carl Gunnarsson.
0:50 of 3rd period - Wrist shot by Carl Gunnarsson.
0:50 of 3rd period - Shot Misses the Net.
1:12 of 3rd period - Snap shot by Louis Leblanc.
1:12 of 3rd period - Deflect By Matthew Highmore.
1:12 of 3rd period - Shot Misses the Net.
1:12 of 3rd period - Puck is out of play.
1:13 of 3rd period - Louis Leblanc wins face-off versus Martin Hanzal in Rampage zone.
1:24 of 3rd period - Snap shot by Louis Leblanc.
1:24 of 3rd period - Stopped by Ebbe Siönäs without a rebound.
1:25 of 3rd period - Tyler Bozak wins face-off versus Martin Hanzal in Rampage zone.
1:32 of 3rd period - Snap shot by Tyler Bozak.
1:32 of 3rd period - Deflect By Nail Yakupov.
1:32 of 3rd period - Shot Misses the Net.
1:32 of 3rd period - Puck is out of play.
1:33 of 3rd period - Tyler Bozak wins face-off versus Martin Hanzal in Rampage zone.
2:00 of 3rd period - Wrist shot by Alexandre Grenier.
2:00 of 3rd period - Shot Misses the Net.
2:02 of 3rd period - Slapshot by Martin Hanzal.
2:02 of 3rd period - Goal by Martin Hanzal - Condors : 2 - Rampage : 4.
2:03 of 3rd period - Martin Hanzal wins face-off versus Tyler Bozak in neutral zone.
2:06 of 3rd period - Tyler Bozak is hit by Alexandre Grenier and loses puck.
2:17 of 3rd period - Slapshot by Blake Pietila.
2:17 of 3rd period - Shot Misses the Net.
2:19 of 3rd period - Slapshot by Michael Stone.
2:19 of 3rd period - Stopped by Ilya Samsonov with a rebound.
2:40 of 3rd period - Wrist shot by Anton Slepyshev.
2:40 of 3rd period - Shot Blocked by Michael Stone.
4:27 of 3rd period - Snap shot by Thomas Spelling.
4:27 of 3rd period - Goal by Thomas Spelling - Condors : 2 - Rampage : 5.
4:27 of 3rd period - Mark Visentin enters game.
4:28 of 3rd period - Tyler Bozak wins face-off versus Martin Hanzal in neutral zone.
4:35 of 3rd period - Snap shot by Nail Yakupov.
4:35 of 3rd period - Stopped by Ebbe Siönäs with a rebound.
4:39 of 3rd period - Snap shot by Nail Yakupov.
4:39 of 3rd period - Stopped by Ebbe Siönäs without a rebound.
4:40 of 3rd period - Tyler Bozak wins face-off versus Martin Hanzal in Rampage zone.
4:54 of 3rd period - Snap shot by Blake Pietila.
4:54 of 3rd period - Shot Hit the Post.
4:56 of 3rd period - Slapshot by Blake Pietila.
4:56 of 3rd period - Stopped by Mark Visentin with a rebound.
6:02 of 3rd period - Slapshot by Jeffrey Foss.
6:02 of 3rd period - Stopped by Mark Visentin without a rebound.
6:03 of 3rd period - Martin Hanzal wins face-off versus Louis Leblanc in Condors zone.
6:08 of 3rd period - Snap shot by Alexandre Grenier.
6:08 of 3rd period - Stopped by Mark Visentin with a rebound.
6:34 of 3rd period - Nail Yakupov is hit by Joe Morrow and loses puck.
6:39 of 3rd period - Wrist shot by Kyle Rau.
6:39 of 3rd period - Stopped by Mark Visentin with a rebound.
6:41 of 3rd period - Slapshot by Joe Morrow.
6:41 of 3rd period - Shot Misses the Net.
6:43 of 3rd period - Slapshot by Jeffrey Foss.
6:43 of 3rd period - Stopped by Mark Visentin with a rebound.
7:01 of 3rd period - Snap shot by Victor Olofsson.
7:01 of 3rd period - Stopped by Mark Visentin without a rebound.
7:02 of 3rd period - Martin Hanzal wins face-off versus Frederik Gauthier in Condors zone.
7:53 of 3rd period - Wrist shot by Eric Gustafsson.
7:53 of 3rd period - Stopped by Ebbe Siönäs with a rebound.
7:55 of 3rd period - Snap shot by Louis Leblanc.
7:55 of 3rd period - Stopped by Ebbe Siönäs without a rebound.
7:56 of 3rd period - Tyler Bozak wins face-off versus Martin Hanzal in Rampage zone.
7:57 of 3rd period - Wrist shot by Nail Yakupov.
7:57 of 3rd period - Stopped by Ebbe Siönäs with a rebound.
8:05 of 3rd period - Alex Tuch is hit by Joe Morrow and loses puck.
8:30 of 3rd period - Snap shot by Frederik Gauthier.
8:30 of 3rd period - Shot Misses the Net.
8:32 of 3rd period - Wrist shot by Frederik Gauthier.
8:32 of 3rd period - Shot Misses the Net.
9:29 of 3rd period - Wrist shot by Nail Yakupov.
9:29 of 3rd period - Shot Misses the Net.
9:49 of 3rd period - Anton Slepyshev is hit by Lawson Crouse and loses puck.
10:12 of 3rd period - Slapshot by Thomas Spelling.
10:12 of 3rd period - Stopped by Mark Visentin with a rebound.
10:26 of 3rd period - Anton Slepyshev is hit by Alexandre Grenier and loses puck.
10:35 of 3rd period - Wrist shot by Martin Hanzal.
10:35 of 3rd period - Deflect By Blake Pietila.
10:35 of 3rd period - Stopped by Mark Visentin without a rebound.
10:36 of 3rd period - Tyler Bozak wins face-off versus Kyle Rau in Condors zone.
11:01 of 3rd period - Joe Morrow is hit by Christian Thomas and loses puck.
11:42 of 3rd period - Caleb Jones is hit by Michael Stone and loses puck.
11:47 of 3rd period - Wrist shot by Victor Olofsson.
11:47 of 3rd period - Stopped by Mark Visentin with a rebound.
11:49 of 3rd period - Snap shot by Matthew Highmore.
11:49 of 3rd period - Shot Blocked by Caleb Jones.
11:53 of 3rd period - Snap shot by Victor Olofsson.
11:53 of 3rd period - Stopped by Mark Visentin with a rebound.
12:05 of 3rd period - Snap shot by Daniel Zaar.
12:05 of 3rd period - Stopped by Ebbe Siönäs with a rebound.
12:07 of 3rd period - Wrist shot by Christian Thomas.
12:07 of 3rd period - Shot Misses the Net.
12:44 of 3rd period - Slapshot by Jeffrey Foss.
12:44 of 3rd period - Goal by Jeffrey Foss - Condors : 2 - Rampage : 6.
12:45 of 3rd period - Tyler Bozak wins face-off versus Blake Pietila in neutral zone.
12:50 of 3rd period - Snap shot by Nail Yakupov.
12:50 of 3rd period - Stopped by Ebbe Siönäs with a rebound.
12:52 of 3rd period - Wrist shot by Tyler Bozak.
12:52 of 3rd period - Shot Hit the Post.
12:58 of 3rd period - Snap shot by Tyler Bozak.
12:58 of 3rd period - Stopped by Ebbe Siönäs with a rebound.
13:00 of 3rd period - Snap shot by Carl Gunnarsson.
13:00 of 3rd period - Stopped by Ebbe Siönäs without a rebound.
13:01 of 3rd period - Frederik Gauthier wins face-off versus Kyle Rau in Rampage zone.
13:20 of 3rd period - Carl Gunnarsson is hit by Michael Stone and loses puck.
13:42 of 3rd period - Snap shot by Tyler Bozak.
13:42 of 3rd period - Deflect By Alex Tuch.
13:42 of 3rd period - Stopped by Ebbe Siönäs with a rebound.
13:44 of 3rd period - Wrist shot by Zac Leslie.
13:44 of 3rd period - Shot Blocked by Martin Hanzal.
13:46 of 3rd period - Slapshot by Chris Bigras.
13:46 of 3rd period - Deflect By Nail Yakupov.
13:46 of 3rd period - Stopped by Ebbe Siönäs without a rebound.
13:47 of 3rd period - Stephane Da Costa wins face-off versus Cameron Darcy in Rampage zone.
14:02 of 3rd period - Backhand shot by Stephane Da Costa.
14:02 of 3rd period - Stopped by Ebbe Siönäs with a rebound.
14:14 of 3rd period - Jeffrey Foss is hit by Alex Tuch and loses puck.
15:17 of 3rd period - Wrist shot by Blake Pietila.
15:17 of 3rd period - Shot Blocked by Eric Gustafsson.
15:21 of 3rd period - Wrist shot by Alexandre Grenier.
15:21 of 3rd period - Shot Misses the Net.
15:29 of 3rd period - Slapshot by Eric Gustafsson.
15:29 of 3rd period - Stopped by Ebbe Siönäs with a rebound.
15:52 of 3rd period - Off-side.
15:53 of 3rd period - Kyle Rau wins face-off versus Nail Yakupov in neutral zone.
15:55 of 3rd period - Off-side.
15:56 of 3rd period - Kyle Rau wins face-off versus Tyler Bozak in neutral zone.
16:07 of 3rd period - Kyle Rau is hit by Tyler Bozak and loses puck.
16:22 of 3rd period - Snap shot by Tyler Bozak.
16:22 of 3rd period - Shot Blocked by Jakub Zboril.
16:22 of 3rd period - Jakub Zboril from Rampage is injured at 16:22 of 3rd period (Bruised Left Foot).
16:23 of 3rd period - Martin Hanzal wins face-off versus Tyler Bozak in Rampage zone.
16:25 of 3rd period - Minor Penalty to Blake Pietila for Hooking.
16:26 of 3rd period - Frederik Gauthier wins face-off versus Martin Hanzal in Rampage zone.
16:38 of 3rd period - Wrist shot by Frederik Gauthier.
16:38 of 3rd period - Stopped by Ebbe Siönäs without a rebound.
16:39 of 3rd period - Martin Hanzal wins face-off versus Frederik Gauthier in Rampage zone.
16:52 of 3rd period - Snap shot by Victor Olofsson.
16:52 of 3rd period - Deflect By Nail Yakupov.
16:52 of 3rd period - Stopped by Mark Visentin with a rebound.
17:29 of 3rd period - Kasperi Kapanen is hit by Kyle Rau and loses puck.
18:25 of 3rd period - Penalty to Blake Pietila is over, Blake Pietila is back on ice.
18:30 of 3rd period - Joe Morrow is hit by Stephane Da Costa.
19:15 of 3rd period - Damon Severson is hit by Christian Thomas and loses puck.
19:32 of 3rd period - Gustav Olofsson is hit by Victor Olofsson and loses puck.
19:47 of 3rd period - Alexandre Grenier is hit by Anton Slepyshev and loses puck.
19:59 of 3rd period - Icing by Anton Lindholm.
Goals for this period are 0 for Condors vs 3 for Rampage.
Shots for this period are 17 for Condors vs 15 for Rampage.